 Dungeon Sprint DCSS version 0.20-a0-1058-g0491fde (webtiles) character file.

63 potatolord5000 the Ducker (level 3, -1/37 HPs)
             Began as a Draconian Gladiator on Apr 26, 2017.
             Was a Believer of Lugonu.
             Slain by a merfolk
             ... wielding the +6 quarterstaff of Disembowelment {drain, rC+}
              (5 damage)
             ... in the Dungeon (Sprint V: "Ziggurat Sprint").
             The game lasted 00:04:05 (133 turns).

potatolord5000 the Ducker (Draconian Gladiator)      Turns: 133, Time: 00:04:06

Health: -1/37      AC:  5    Str: 34    XL:     3   Next: 87%
Magic:  3/3        EV: 15    Int:  8    God:    Lugonu [**....]
Gold:   0          SH:  0    Dex: 12    Spells: 2/2 levels left

rFire    . . .     SeeInvis .   a - +7 Screaming Sword
rCold    . . .     Gourm    .   (no shield)
rNeg     . . .     Faith    .   (armour unavailable)
rPois    .         Spirit   .   b - +0 hat
rElec    .         Reflect  .   (no cloak)
rCorr    .         Harm     .   (no gloves)
MR       .....     NoTele   +   (no boots)
Stlth    +.........             (no amulet)
Regen    0.2/turn               D - +6 ring of strength
MPRegen  0.1/turn               E - +6 ring of strength

@: mighty, hasted, drained, very quick
A: unfitting armour, cold-blooded, AC +5
a: Bend Space, Renounce Religion


You were in the Dungeon.
You worshipped Lugonu.
Lugonu was pleased with you.
You were not hungry.

You visited 1 branch

Inventory:

Hand Weapons
 a - the +7 Screaming Sword (weapon)
   (You found it in the Dungeon)
Armour
 b - a +0 hat (worn)
 c - the +18 shield of the Gong {rElec rN+ MR+ EV-5}
   (You found it in the Dungeon)

   It affects your evasion (-5).
   It insulates you from electricity.
   It protects you from negative energy.
   It affects your resistance to hostile enchantments.
Jewellery
 D - a +6 ring of strength (left hand)
 E - a +6 ring of strength (right hand)
Scrolls
 u - 5 scrolls of identify
 v - 5 scrolls of remove curse
Potions
 e - 10 potions of curing
 f - 7 potions of heal wounds
 g - 5 potions of haste
 h - 7 potions of magic
 i - 3 potions of berserk rage
 k - 2 potions of brilliance
 l - 2 potions of invisibility
 m - 4 potions of resistance
 o - 5 potions of agility
 p - 4 potions of might
Comestibles
 d - 5 bread rations
 x - 42 fruits
 z - 4 meat rations


   Skills:
 + Level 5.7(5.3) Fighting
 + Level 5.6(5.1) Long Blades
 - Level 1.7(1.3) Throwing
 + Level 6.3(5.8) Dodging
 + Level 0.0 Invocations


You had 2 spell levels left.
You didn't know any spells.

Dungeon Overview and Level Annotations

Branches:
Dungeon (1/1)

Altars:
Ashenzari
Cheibriados
Dithmenos
Elyvilon
Fedhas
Gozag
Hepliaklqana
Kikubaaqudgha
Makhleb
Nemelex Xobeh
Okawaru
Qazlal
Ru
Sif Muna
Trog
Uskayaw
Vehumet
Wu Jian
Xom
Yredelemnul
Zin
The Shining One
Beogh
Jiyva
Lugonu

Annotations:
D 1 transporter


Innate Abilities, Weirdness & Mutations

Your plain brown scales are hard. (AC +5)
You cannot fit into any form of body armour.
You are cold-blooded and may be slowed by cold attacks.


Message History

The merfolk completely misses you.
You barely miss the merfolk.
Your tail-slap misses the merfolk.
The merfolk is lightly wounded.
The Screaming Sword sings, "Ain't no stopping us now..."
The merfolk are hurt by the noise.
The merfolk misses you.
You barely miss the merfolk.
Your tail-slap misses the merfolk.
The merfolk is lightly wounded.
The merfolk closely misses you.
You riposte.
You slash the merfolk! You tail-slap the merfolk.
The merfolk is moderately wounded.
The merfolk hits you from afar with a trident!
* * * LOW HITPOINT WARNING * * *
The merfolk completely misses you.
You feel much better.
The merfolk hits you from afar with a trident.
The merfolk hits you with the +6 quarterstaff of Disembowelment {drain, rC+}!!
Ouch! That really hurt!
* * * LOW HITPOINT WARNING * * *
You feel drained.
You die...

▓▓▓▓▓▓▓▓▓▓▓▓▓
▓.8©8.▓.8©8.▓
▓.[)..▓.....▓
▓.....▓.).=.▓
▓.....▓.....▓
▓.mm..▓.....▓
▓..m..▓.....▓
▓..@..▓▓▓▓▓▓▓
▓▓▓▓▓▓▓


You could see 3 merfolk.

Vanquished Creatures
  2 iron imps (D)
2 creatures vanquished.

Notes
Turn   | Place    | Note
-------+----------+-------------------------------------------
     0 | D        | potatolord5000 the Draconian Gladiator began the quest for the Orb.
     0 | D        | Reached XP level 1. HP: 17/17 MP: 1/1
     0 | D        | Found a blossoming altar of Fedhas.
     1 | D        | Found a viscous altar of Jiyva.
     1 | D        | Found an ancient bone altar of Kikubaaqudgha.
     1 | D        | Found a hazy altar of Hepliaklqana.
     1 | D        | Found a corrupted altar of Lugonu.
     1 | D        | Found an opulent altar of Gozag.
     1 | D        | Found a burning altar of Makhleb.
     5 | D        | Found a deep blue altar of Sif Muna.
     5 | D        | Found a sacrificial altar of Ru.
     5 | D        | Found a bloodstained altar of Trog.
     5 | D        | Found a stormy altar of Qazlal.
     5 | D        | Found an iron altar of Okawaru.
     5 | D        | Found a sparkling altar of Nemelex Xobeh.
    93 | D        | Became a worshipper of Lugonu the Unformed
    93 | D        | Reached * piety under Lugonu
   104 | D        | Entered arena 2.
   104 | D        | Noticed an iron imp
   104 | D        | Noticed an iron imp
   105 | D        | Reached skill level 5 in Dodging
   105 | D        | Reached XP level 2. HP: 28/28 MP: 2/2
   109 | D        | Reached skill level 5 in Fighting
   109 | D        | Reached skill level 5 in Long Blades
   109 | D        | Reached XP level 3. HP: 26/36 MP: 3/3
   110 | D        | Reached ** piety under Lugonu
   110 | D        | Reached skill level 6 in Dodging
   123 | D        | Entered arena 3.
   123 | D        | Noticed a merfolk
   123 | D        | Noticed a merfolk
   123 | D        | Noticed a merfolk
   133 | D        | Identified the +6 quarterstaff of Disembowelment {drain, rC+}
   133 | D        | Slain by a merfolk

Vault maps used:
D:        sprint_v

Skill      XL: |  1  2  3 |
---------------+----------+-----
Fighting       | 4 5 |  5.7
Long Blades    | 4 5 |  5.6
Dodging        | 5 6 |  6.3
Throwing       | |  1.7

Action                   || total
-------------------------++-------
Melee: Double sword      ||     5
       Tailslap          ||     2
  Use: Potion            ||     6
Armor: Skin              ||     1
Dodge: Dodged            ||     6
       Rpst.: Double sword ||     2
